 Dungeon Crawl Stone Soup version 0.28-a0-1629-gf728b707aa (webtiles) character file.

Game seed: 4812858267451268956

44 porpoise the Magician (level 3, -1/28 HPs)
             Began as a Djinni Hedge Wizard on Jan 25, 2022.
             Killed from afar by an orc wizard (4 damage)
             ... with a puff of flame
             ... on level 3 of the Dungeon.
             The game lasted 00:06:50 (2469 turns).

porpoise the Magician (Djinni Hedge Wizard)         Turns: 2469, Time: 00:06:51

Health: -1/28      AC:  3    Str: 11    XL:     3   Next: 85%
Gold:   71         EV: 12    Int: 15    God:
                   SH:  0    Dex: 12

rFire   + + .      SeeInvis .   a - +4 whip
rCold   x . .      Faith    .   (no shield)
rNeg    . . .      Spirit   .   b - +0 robe
rPois   ∞          Reflect  .   c - +0 hat
rElec   .          Harm     .   j - +0 cloak
rCorr   .          Rampage  .   (no gloves)
Will    .....                   (boots unavailable)
Stlth   +.........              (no amulet)
HPRegen 0.09/turn               (no ring)
MPRegen 0.00/turn               (no ring)

@: confused, flying
A: sickness immunity, fire resistance 2, cold vulnerability 1, float, innate
caster, hp casting, extra vitality 1
a: no special abilities


You were on level 3 of the Dungeon.
You visited 1 branch of the dungeon, and saw 3 of its levels.

You collected 71 gold pieces.

Inventory:

Hand Weapons
 a - a +4 whip (weapon)
 k - a +0 short sword
Missiles
 f - 31 stones
 l - 22 sling bullets
 m - 10 poisoned darts (quivered)
 n - 7 arrows
 p - 17 bolts
Armour
 b - a +0 robe (worn)
 c - a +0 hat (worn)
 j - a +0 cloak (worn)
Scrolls
 e - a scroll of blinking {unknown}
 g - a scroll of enchant weapon {unknown}
 h - a scroll of amnesia {unknown}
 i - a scroll of magic mapping {unknown}
Potions
 d - a potion of might {unknown}
 o - a potion of haste {unknown}


   Skills:
 * Level 1.8 Fighting
 - Level 2.1 Dodging
 + Level 2.0 Stealth
 * Level 2.9 Spellcasting


You couldn't memorise any spells.
You knew the following spells:

 Your Spells              Type           Power      Damage    Failure   Level
a - Magic Dart            Conj           40%        1d5       6%          1
b - Blink                 Tloc           20%        N/A       10%         2
c - Call Imp              Summ           10%        N/A       10%         2
d - Slow                  Hex            40%        N/A       6%          1
e - Conjure Flame         Conj/Fire      10%        6-21      19%         3
f - Mephitic Cloud        Conj/Pois/Air  10%        N/A       19%         3
g - Sting                 Tmut/Pois      40%        1d5       6%          1
Your spell library was empty.

Dungeon Overview and Level Annotations

Branches:
Dungeon (3/15)

Altars:

Annotations:
D:2 Sigmund


Innate Abilities, Weirdness & Mutations

You are immune to sickness and miasma.
You are immune to poison.
Your flesh is very heat resistant. (rF++)
You are vulnerable to cold. (rC-)
You float through the air rather than walking.
You learn spells naturally, not from books.
Your magical power is your life essence.
You have superior vitality. (+4 MHP)


Message History

The orc wizard points at you and mumbles some strange words.
The puff of flame hits you. You resist.
You closely miss the orc wizard.
The orc wizard points at you and mumbles some strange words.
You resist with some effort.
You miss the orc wizard.
The orc wizard gestures at you while chanting.
The magic dart hits you!
You barely miss the orc wizard.
The orc wizard hits you with a +0 dagger.
The kobold closely misses you.
The orc wizard hits you with a +0 dagger.
The kobold throws a stone.
The stone barely misses you. Something hits you. Something hits you.
* * * LOW HITPOINT WARNING * * *
You closely miss the orc wizard.
The orc wizard hits you with a +0 dagger.
* * * LOW HITPOINT WARNING * * *
You barely miss the orc wizard. Your punch misses the orc wizard.
You whack the orc wizard!
The orc wizard is heavily wounded.
The orc wizard hits you with a +0 dagger.
* * * LOW HITPOINT WARNING * * *
You hit the orc wizard.
The orc wizard is almost dead.
The orc wizard hits you but does no damage.
You hit the orc wizard.
The orc wizard is almost dead.
The orc wizard hits you with a +0 dagger.
* * * LOW HITPOINT WARNING * * *
You closely miss the orc wizard.
The orc wizard is almost dead.
You closely miss the orc wizard.
The orc wizard is almost dead.
The orc wizard gestures at you while chanting.
You are confused.
You bump into the rock wall.
The orc wizard gestures at you while chanting.
The puff of flame hits you. You resist.
You die...

.........# .o#
##.#
#.###.#..K...#
#.#.####.####
..####...####.#
#.............#
.####.{K####.#
#.#o## #.###@##
..# ##.# ###
#.######.#
#........#
##.#######
#.....#
#####.### #..<#
#####


You could see an orc wizard, an orc (confused) and a kobold.

Vanquished Creatures
  2 worms (D:2)
  5 endoplasms
  2 giant cockroaches
  5 goblins
  5 hobgoblins
  4 kobolds
  2 quokkas
  A frilled lizard (D:2)
  5 rats
31 creatures vanquished.

Vanquished Creatures (collateral kills)
  2 jackals (D:2)
2 creatures vanquished.

Grand Total: 33 creatures vanquished

Notes
Turn   | Place    | Note
-------+----------+-------------------------------------------
     0 | D:1      | porpoise the Djinni Hedge Wizard began the quest for the
                  | Orb.
     0 | D:1      | Reached XP level 1. HP: 15/15 MP: 0/0
   678 | D:1      | Found a faded altar of an unknown god.
   726 | D:1      | Reached XP level 2. HP: 21/22 MP: 0/0
   869 | D:1      | Reached skill level 1 in Fighting
  1337 | D:2      | Reached XP level 3. HP: 20/27 MP: 0/0
  1337 | D:2      | Learned a level 1 spell: Sting
  1742 | D:2      | Noticed Sigmund
  2469 | D:3      | Killed from afar by an orc wizard

Illustrated notes

Levels and vault maps discovered:
D:1:      evilmike_arrival_plus, layout_basic,
          ebering_ecumenical_altar_petrified, grunt_decor_one_mirror,
          minmay_hexomino_f4
D:2:      layout_basic, uniq_sigmund
D:3:      layout_basic, hex_intersection

Skill      XL: |  1  2  3 |
---------------+----------+-----
Fighting       | 1 |  1.8
Stealth        | 2 |  2.0
Dodging        | |  2.1
Spellcasting   | |  2.9

Action                   || total
-------------------------++-------
Melee: Whip              ||    35
       Punch             ||     1
Throw: Stone             ||     4
       Dart              ||     7
 Cast: Magic Dart        ||    65
       Blink             ||     1
       Call Imp          ||     1
       Mephitic Cloud    ||     1
 Stab: Sleeping          ||     1
Armor: Robe              ||    10
Dodge: Dodged            ||    25

Table legend: (Time is in decaauts)
 A = Elapsed time spent in this place.
 B = Non-inter-level travel time spent in this place.
 C = Inter-level travel time spent in this place.
 D = Time resting spent in this place.
 E = Time spent auto-exploring this place.
 F = Levels seen in this place.
 G = Mean time per level.
                   A        B        C        D        E       F      G
               +--------+--------+--------+--------+--------+-----+--------+
         Total |   2469 |   2394 |     75 |    999 |   1118 |   3 |  823.0 |
       Dungeon |   2469 |   2394 |     75 |    999 |   1118 |   3 |  823.0 |
               +--------+--------+--------+--------+--------+-----+--------+

Top non-repeatable levels by time:
     D:1: 1233 daAuts
     D:2: 1178 daAuts
     D:3: 56 daAuts
